 Dungeon Crawl Stone Soup version 0.30-b1-2-g02819fbbbe (webtiles) character file.

Game seed: 4599173980415541934

1461 psychodelta the Chopper (level 8, -1/71 HPs)
             Began as a Minotaur Fighter on May 15, 2023.
             Was a Believer of Okawaru.
             Slain by an iguana (11 damage)
             ... on level 4 of the Dungeon.
             The game lasted 00:05:51 (4928 turns).

psychodelta the Chopper (Minotaur Fighter)          Turns: 4928, Time: 00:05:51

Health: -1/71      AC:  9    Str: 23    XL:     8   Next: 48%
Magic:  9/9        EV: 10    Int:  5    God:    Okawaru [**....]
Gold:   145        SH:  4    Dex: 10    Spells: 7/7 levels left

rFire   . . .        a - +0 war axe
rCold   . . .        c - +0 buckler
rNeg    . . .        b - +0 scale mail
rPois   .            (helmet restricted)
rElec   .            (no cloak)
rCorr   .            (no gloves)
SInv    .            i - +0 pair of boots
Will    .....        (no amulet) Stlth
                     (no ring)
HPRegen 0.31/turn    (no ring)
MPRegen 0.11/turn

%: no passive effects
@: no status effects
A: horns 2, retaliatory headbutt
a: Renounce Religion, Heroism


You were on level 4 of the Dungeon.
You worshipped Okawaru.
Okawaru was pleased with you.
You visited 1 branch of the dungeon, and saw 7 of its levels.

You collected 169 gold pieces.
You spent 24 gold pieces at shops.

Inventory:

Hand Weapons
 a - a +0 war axe (weapon)
Armour
 b - a +0 scale mail (worn)
 c - a +0 buckler (worn)
 i - a +0 pair of boots (worn)
Jewellery
 g - a +5 ring of evasion
 k - an amulet of faith
 n - a +4 ring of protection
Scrolls
 e - 5 scrolls of teleportation {unknown}
 h - 2 scrolls of fog {unknown}
 l - 2 scrolls of amnesia {unknown}
 o - a scroll of poison {unknown}
 p - a scroll of silence {unknown}
 r - 2 scrolls of identify
 s - 2 scrolls of enchant armour {unknown}
Potions
 d - a potion of cancellation {unknown}
 f - a potion of curing
 j - 2 potions of haste
 m - 2 potions of berserk rage {unknown}
 q - a potion of might


   Skills:
 * Level 6.5 Fighting
 + Level 7.8 Axes
 + Level 6.7 Armour
 + Level 2.3 Dodging
 + Level 4.6 Shields
 * Level 3.8 Invocations


You had 7 spell levels left.
You didn't know any spells.
Your spell library contained the following spells:

 Spells                   Type           Power      Damage    Failure   Level
 Magic Dart               Conj           0%         1d3       83%         1
 Shock                    Conj/Air       0%         1d3       83%         1
 Blink                    Tloc           0%         N/A       92%         2
 Lesser Beckoning         Tloc           0%         N/A       92%         2
 Momentum Strike          Conj/Tloc      0%         3d8       92%         2
 Hailstorm                Conj/Ice       0%         3d3       99%         3
 Ignite Poison            Fire/Tmut/Pois 0%         N/A       99%         3
 Mephitic Cloud           Conj/Pois/Air  0%         N/A       99%         3
 Swiftness                Air            0%         N/A       99%         3
 Airstrike                Air            0%         2d(0-16)  100%        4
 Ice Form                 Ice/Tmut       0%         N/A       100%        4
 Sticky Flame             Conj/Fire      0%         2d3       100%        4
 Ignition                 Fire           0%         3d3       100%        8
 Call Imp                 Summ           Unusable   N/A       N/A         2
 Simulacrum               Ice/Necr       Unusable   N/A       N/A         6

Dungeon Overview and Level Annotations

Branches:
Dungeon (7/15)             Temple (0/1) D:4

Altars:
Okawaru
Yredelemnul

Shops:
D:5 ?

Annotations:
D:6 Eustachio


Innate Abilities, Weirdness & Mutations

You have a pair of horns on your head.
You reflexively headbutt those who attack you in melee.


Message History

You are too injured to fight recklessly!
You are too injured to fight recklessly!
You are too injured to fight recklessly!
The ogre barely misses you. The iguana bites you!
* * * LOW HITPOINT WARNING * * *
You climb upwards.
There is a stone staircase leading down here.
Okay, then.
You block the iguana's attack.
Things that are here:
a +0 dagger; an orc skeleton The iguana attacks as you move away!
The iguana bites you.
* * * LOW HITPOINT WARNING * * *
The iguana attacks as you move away!
The iguana bites you but does no damage.
The iguana attacks as you move away! You block the iguana's attack.
The iguana attacks as you move away!
The iguana bites you but does no damage.
The iguana attacks as you move away! The iguana completely misses you.
The iguana attacks as you move away! The iguana barely misses you.
The iguana attacks as you move away! The iguana bites you!
* * * LOW HITPOINT WARNING * * *
The iguana attacks as you move away!
The iguana bites you but does no damage.
The iguana attacks as you move away! The iguana closely misses you.
The iguana attacks as you move away!
The iguana bites you but does no damage.
There is a stone staircase leading up here.
The iguana bites you.
* * * LOW HITPOINT WARNING * * *
You climb upwards.
There is a stone staircase leading down here.
You hit the iguana.
The iguana is moderately wounded.
The iguana bites you!
* * * LOW HITPOINT WARNING * * *
You slash the iguana! Your headbutt misses the iguana.
The iguana is severely wounded.
The iguana bites you!
You die...

##################
................@#
######.####.####l#
#.# #.# #.# #.#
#.# #.# #.# #.#
#.# #.# #.# #.#
#.# #.# #.#
#.####.####.#
#...........#


You could see an iguana.

Vanquished Creatures
  Prince Ribbit (D:5)
  Menkaure (D:5)
  Duvessa (D:4)
  A black bear (D:5)
  An ogre (D:5)
  A centaur (D:5)
  2 scorpions
  5 wights (D:4)
  Dowan (D:4)
  A howler monkey (D:5)
  4 hounds
  2 sleepcaps
  Robin (D:2)
  8 adders
  A white imp (D:5)
  3 ufetubi
  3 worms (D:2)
  3 dart slugs
  3 orcs (D:5)
  4 ball pythons
  8 endoplasms
  8 giant cockroaches (D:3)
  15 hobgoblins
  2 jackals (D:1)
  5 kobolds
  2 quokkas
  4 bats
  4 frilled lizards
  12 goblins
  4 rats
111 creatures vanquished.

Vanquished Creatures (others)
  A plant (D:4)
  3 withered plants (D:4)
4 creatures vanquished.

Grand Total: 115 creatures vanquished

Notes
Turn   | Place    | Note
-------+----------+-------------------------------------------
     0 | D:1      | psychodelta the Minotaur Fighter began the quest for the
                  | Orb.
     0 | D:1      | Reached XP level 1. HP: 19/19 MP: 0/0
   159 | D:1      | Reached XP level 2. HP: 27/27 MP: 1/1
   350 | D:1      | Reached skill level 3 in Axes
   815 | D:1      | Reached XP level 3. HP: 33/33 MP: 2/2
   937 | D:2      | Found an iron altar of Okawaru.
   949 | D:2      | Became a worshipper of Warmaster Okawaru
  1070 | D:2      | Reached XP level 4. HP: 40/40 MP: 3/3
  1139 | D:2      | Reached skill level 4 in Axes
  1188 | D:2      | Noticed Robin
  1198 | D:2      | Killed Robin
  1608 | D:3      | Found a faded altar of an unknown god.
  1760 | D:3      | Reached skill level 1 in Invocations
  2001 | D:3      | Reached XP level 5. HP: 43/47 MP: 4/4
  2210 | D:4      | Found a basalt altar of Yredelemnul.
  2553 | D:4      | Found a staircase to the Ecumenical Temple.
  2768 | D:4      | Reached skill level 5 in Axes
  2768 | D:4      | Reached * piety under Okawaru
  2769 | D:4      | Reached XP level 6. HP: 55/55 MP: 4/6
  2786 | D:4      | Reached skill level 5 in Fighting
  2787 | D:4      | Reached skill level 6 in Axes
  2787 | D:4      | Reached skill level 1 in Dodging
  2926 | D:4      | Noticed Duvessa
  2926 | D:4      | Noticed Dowan
  2932 | D:4      | Killed Duvessa
  2933 | D:4      | Reached skill level 5 in Armour
  2933 | D:4      | Reached XP level 7. HP: 59/61 MP: 7/7
  2938 | D:4      | Killed Dowan
  3335 | D:5      | Entered Level 5 of the Dungeon
  3358 | D:5      | Noticed Prince Ribbit
  3591 | D:5      | Reached ** piety under Okawaru
  3636 | D:5      | Reached skill level 7 in Axes
  3638 | D:5      | Noticed Menkaure
  3672 | D:6      | HP: 3/62 [poisoned by a scorpion]
  3960 | D:6      | Noticed Eustachio
  3964 | D:7      | Noticed a steam dragon
  4251 | D:5      | Found The Oracle's Delphic Readings.
  4259 | D:5      | Bought a scroll of identify for 24 gold pieces
  4299 | D:5      | Reached XP level 8. HP: 69/70 MP: 9/9
  4407 | D:5      | Killed Prince Ribbit
  4543 | D:5      | Killed Menkaure
  4928 | D:4      | Slain by an iguana

Illustrated notes

Levels and vault maps discovered:
D:1:      amcnicky_arrival_choice, layout_basic
D:2:      layout_rooms, basic_altar, uniq_robin
D:3:      minmay_roachtagon, layout_loops_ring,
          ebering_ecumenical_altar_petrified, reono_crystal_passage
D:4:      layout_basic, yredelemnul_altar_generic,
          minmay_temple_entry_gardened_gates, serial_bayou_crossing,
          uniq_duvessa
D:5:      cheibrodos_helix_gallery, layout_rooms, serial_glass, glass_columns_a,
          glass_columns_b, glass_columns_b, glass_columns_a, glass_columns_b,
          glass_columns_a, glass_columns_a, glass_columns_c, glass_columns_a,
          glass_columns_b, wad_floor_pattern_untrapped,
          nicolae_nh_oracle_at_delphi, uniq_menkaure, uniq_prince_ribbit1
D:6:      layout_rooms, uniq_eustachio
D:7:      kennysheep_kobold_camp, layout_cave_pools, grunt_ministairs_10,
          fountainhead

Skill      XL: |  1  2  3  4  5  6  7  8 |
---------------+-------------------------+-----
Axes           | 3 4 5 6 7 |  7.8
Fighting       | 4 5 6 |  6.5
Armour         | 4 5 6 |  6.7
Shields        | 4 |  4.6
Invocations    | 1 2 3 |  3.8
Dodging        | 1 2 |  2.3

Action                     |  1- 3 |  4- 6 |  7- 9 || total
---------------------------+-------+-------+-------++-------
  Melee: War axe           |    83 |    97 |    59 ||   239
         Headbutt          |     7 |    13 |    10 ||    30
    Use: Potion            |       |     2 |     2 ||     4
 Armour: Scale mail        |    41 |    42 |    44 ||   127
  Dodge: Dodged            |    40 |    43 |    67 ||   150
  Block: Buckler           |    18 |    21 |    28 ||    67
